 Dungeon Crawl Stone Soup version 0.28-a0-883-gc8d7bad45d (webtiles) character file.

Game seed: 7799038009823551178

18801 freelancePsychic the Black Sun (level 12, -15/106 HPs)
             Began as a Hill Orc Monk on Nov 21, 2021.
             Was a High Priest of Kikubaaqudgha.
             Killed from afar by Jorgrun (54 damage)
             ... with a blast of rock fragments
             ... on level 12 of the Dungeon.
             The game lasted 00:34:52 (16318 turns).

freelancePsychic the Black Sun (Hill Orc Monk)     Turns: 16318, Time: 00:34:52

Health: -15/106    AC:  7    Str: 18    XL:     12   Next: 62%
Magic:  3/16       EV: 12    Int: 11    God:    Kikubaaqudgha [*****.]
Gold:   466        SH:  0    Dex: 15    Spells: 6/17 levels left

rFire   . . .      SeeInvis +   a - +2 lajatang (speed)
rCold   . . .      Faith    .   (shield currently unavailable)
rNeg    . . .      Spirit   .   B - +0 steam dragon scales
rPois   .          Reflect  .   (no helmet)
rElec   .          Harm     .   s - scarf {repulsion}
rCorr   .          Rampage  .   i - +1 pair of gloves
Will    .....                   (no boots)
Stlth   +++.......              x - amulet of regeneration
HPRegen 1.27/turn               w - ring of see invisible
MPRegen 0.15/turn               (no ring)

@: lethally poisoned (-15 -> -19), studying Necromancy, repel missiles
A: thin skeletal structure 1
a: Renounce Religion, Receive Corpses, Torment


You were on level 12 of the Dungeon.
You worshipped Kikubaaqudgha.
Kikubaaqudgha was extremely pleased with you.
You visited 1 branch of the dungeon, and saw 12 of its levels.
You also visited: Sewer and Ossuary.

You collected 690 gold pieces.
You spent 224 gold pieces at shops.

Inventory:

Hand Weapons
 a - a +2 lajatang of speed (weapon)
 b - a +0 hunting sling
 g - a +4 whip
 h - a +0 whip of electrocution
Missiles
 d - 125 stones
 p - 55 poisoned darts (quivered)
 t - a throwing net
Armour
 c - a +0 robe
 i - a +1 pair of gloves (worn)
 j - a +0 chain mail
 s - a scarf of repulsion (worn)
 B - +0 steam dragon scales (worn)
Jewellery
 n - an amulet of faith
 w - a ring of see invisible (left hand)
 x - an amulet of regeneration (around neck)
Wands
 q - a wand of digging (3)
 E - a wand of flame (35)
 F - a wand of charming (9)
Scrolls
 k - 2 scrolls of blinking
 o - 2 scrolls of brand weapon
 v - 3 scrolls of teleportation {@r4}
 y - a scroll of enchant armour
 A - a scroll of fog
 C - a scroll of summoning
 D - 2 scrolls of fear
 G - 2 scrolls of magic mapping {unknown}
 J - a scroll of identify {@r1}
Potions
 e - a potion of heal wounds {@q2}
 l - 7 potions of mutation
 m - 2 potions of haste {@q3}
 r - 10 potions of curing {@q1}
 u - 2 potions of flight
 z - a potion of degeneration {unknown}
 H - 3 potions of attraction {unknown}
 I - a potion of might {unknown}


   Skills:
 - Level 9.9 Fighting
 - Level 4.9(8.4) Axes
 - Level 8.9(12.5) Maces & Flails
 * Level 11.3(12.2) Staves
 - Level 2.4 Dodging
 - Level 1.5 Stealth
 - Level 3.0 Spellcasting
 + Level 12.2 Necromancy
 + Level 0.7 Transmutations
 + Level 8.4 Earth Magic


You had 6 spell levels left.
You knew the following spells:

 Your Spells              Type           Power      Damage    Failure   Level
a - Borgnjor's Vile Clut  Necr/Erth      12%        N/A       11%         5
b - Death Channel         Necr           14%        N/A       26%         6

Your spell library contained the following spells:

 Spells                   Type           Power      Damage    Failure   Level
 Animate Skeleton         Necr           56%        N/A       1%          1
 Pain                     Necr           100%       1d9       1%          1
 Sublimation of Blood     Necr           28%        N/A       1%          2
 Vampiric Draining        Necr           28%        2d8       1%          3
 Animate Dead             Necr           14%        N/A       1%          4
 Dispel Undead            Necr           28%        3d13      1%          4
 Magic Dart               Conj           4%         1d3       26%         1
 Ensorcelled Hibernation  Hex/Ice        2%         N/A       36%         2
 Searing Ray              Conj           2%         2d4       36%         2
 Petrify                  Tmut/Erth      11%        N/A       36%         4
 Gell's Gravitas          Tloc           1%         N/A       61%         3
 Lesser Beckoning         Tloc           1%         N/A       61%         3
 Teleport Other           Tloc           1%         N/A       61%         3
 Fulminant Prism          Conj/Hex       0%         3d6       95%         4
 Olgreb's Toxic Radiance  Pois           1%         N/A       95%         4
 Passage of Golubria      Tloc           1%         N/A       95%         4
 Simulacrum               Ice/Necr       7%         N/A       97%         6
 Statue Form              Tmut/Erth      7%         N/A       99%         6
 Freezing Cloud           Conj/Ice/Air   0%         6-21      100%        5
 Metabolic Englaciation   Hex/Ice        0%         N/A       100%        5
 Silence                  Hex/Air        0%         N/A       100%        5
 Summon Forest            Summ/Tloc      0%         N/A       100%        5
 Summon Mana Viper        Hex/Summ       1%         N/A       100%        5
 Summon Cactus Giant      Summ           0%         N/A       100%        6
 Lehudib's Crystal Spear  Conj/Erth      5%         10d3      100%        8


Dungeon Overview and Level Annotations

Branches:
Dungeon (12/15)            Temple (0/1) D:5            Lair (0/6) D:10
  Sewer (visited)         Ossuary (visited)
    Orc: D:9-12

Altars:
Ashenzari
Elyvilon
Hepliaklqana
Kikubaaqudgha
Makhleb
Nemelex Xobeh
Ru
Sif Muna
Uskayaw
Wu Jian
Xom
Yredelemnul
The Shining One

Shops:
D:6 ?   D:11 (

Annotations:
D:3 Ijyb
D:9 exclusion: boulder beetle
D:12 Jorgrun


Innate Abilities, Weirdness & Mutations

You have a somewhat thin skeletal structure. (Dex +2, Stealth+)


Message History

Confirm with . or Enter, or press ? or * to list all spells.
Aiming: Borgnjor's Vile Clutch (dangerous; 11% risk of failure)
Press: ? - help, Shift-Dir - straight line, f/p - Jorgrun
Aim: Jorgrun, wielding a +0 vorpal quarterstaff and wearing a +1 robe of the Archmagi (100% to hit)
Zombie hands grab Jorgrun.
The zombie hands constrict Jorgrun.
Jorgrun points next to you and mumbles some strange words.
The wall shatters!
The blast of rock fragments hits you!!
Kikubaaqudgha torments the living!
Kikubaaqudgha partially shields you from torment!
Your body is wracked with pain!
Jorgrun convulses!
The orc convulses!
The zombie hands constrict Jorgrun!
The orc hits you but does no damage.
You are poisoned.
Jorgrun casts a spell next to you.
The wall shatters!
The blast of rock fragments hits you!!
* * * LOW HITPOINT WARNING * * *
You feel much better.
The zombie hands constrict Jorgrun!
You feel sick.
The orc hits you with a +0 short sword of venom.
Jorgrun drinks a potion.
Jorgrun's spells are empowered!
You completely miss Jorgrun.
Jorgrun is severely wounded.
The zombie hands constrict Jorgrun.
The orc misses you.
You slash Jorgrun!
Jorgrun is almost dead.
The zombie hands constrict Jorgrun.
You feel sick.
The zombie hands release their grip on Jorgrun.
Jorgrun points at you and mumbles some strange words.
You are slowing down.
Okay, then.
You feel limber!
You feel magically purged.
Your magical contamination has completely faded away.
You feel sick.
The orc hits you with a +0 short sword of venom.
You are more poisoned.
Jorgrun gestures next to you while chanting.
The wall shatters!
The blast of rock fragments hits you!!!
Ouch! That really hurt!
You die...
Kikubaaqudgha rasps: "You have failed me!
Welcome... death!"

#.# #.....
#.##...... #
#.#....... #.
#.#....... #.
#.#.....$... #.
#.#.........
#.#........... .
#...#........ ##..
#.@# ......g###...
#)go.>..........
#<#...........#
##.#.........<#
#.)#................
#.##..........#.##.$
#. #...........# ##
#.......## # ....##.


You could see Jorgrun (empowered) and an orc.

Vanquished Creatures
  A boulder beetle (D:12)
  4 two-headed ogres
  Erica (D:8)
  4 centaur zombies
  A cane toad (D:11)
  An unseen horror (D:11)
  A gargoyle (D:12)
  2 komodo dragons
  Maggie (D:7)
  5 kobold demonologists
  A merfolk (D:9)
  Grinder (D:3)
  2 shadows
  Sigmund (D:2)
  5 wyverns
  2 wraiths
  7 yaks
  A vampire (D:10)
  A basilisk (D:10)
  A steam dragon (D:6)
  6 water moccasins
  An acid dragon (D:11)
  2 sky beasts (D:5)
  3 black bears
  An ice beast (D:7)
  2 orc warriors
  A necrophage (D:4)
  2 ogres
  2 centaurs
  A wolf (D:10)
  An elf zombie (Ossuary)
  9 kobold brigands
  5 bullfrogs
  A gnoll sergeant (D:4)
  3 scorpions
  A water moccasin zombie (D:4)
  A wyvern skeleton (D:7)
  7 killer bees
  16 wights
  6 howler monkeys
  A bullfrog zombie (D:4)
  A quasit (D:5)
  3 hounds
  A jelly (D:8)
  A centaur skeleton (D:7)
  2 human zombies
  6 orc priests
  2 bullfrog skeletons (D:5)
  3 iguanas
  7 orc wizards
  3 killer bee zombies
  2 hound zombies (D:4)
  2 mummies (Ossuary)
  A howler monkey zombie (D:8)
  19 gnolls (D:4)
  17 adders
  3 river rats
  A shadow imp (D:7)
  2 white imps
  2 ufetubi (D:5)
  5 adder zombies
  2 adder skeletons (D:5)
  8 worms
  3 dart slugs
  64 orcs
  6 bats
  5 endoplasms
  4 giant cockroaches
  10 goblins
  2 hobgoblins
  18 jackals
  19 kobolds
  4 quokkas
  13 ball pythons
  4 frilled lizards
  3 goblin skeletons (D:5)
  A goblin zombie (D:5)
  12 hobgoblin zombies
  A jackal zombie (Ossuary)
  11 kobold zombies (Ossuary)
  An orc skeleton (D:5)
  12 orc zombies
  6 rats
  A rat zombie (Ossuary)
  A spectral hobgoblin (D:1)
409 creatures vanquished.

Vanquished Creatures (others)
  A killer bee (D:10)
  A fungus (D:10)
  14 plants
16 creatures vanquished.

Grand Total: 425 creatures vanquished

Notes
Turn   | Place    | Note
-------+----------+-------------------------------------------
     0 | D:1      | freelancePsychic the Hill Orc Monk began the quest for the
                  | Orb.
     0 | D:1      | Reached XP level 1. HP: 19/19 MP: 1/1
   113 | D:1      | Found a faded altar of an unknown god.
   129 | D:1      | Reached XP level 2. HP: 11/27 MP: 2/2
   977 | D:1      | Reached XP level 3. HP: 33/33 MP: 3/3
  1589 | D:2      | Reached skill level 1 in Maces & Flails
  1882 | D:2      | Noticed Sigmund
  2029 | D:3      | Noticed Grinder
  2038 | D:3      | Paralysed by Grinder for 2 turns
  2042 | D:3      | Killed Grinder
  2043 | D:3      | Reached skill level 5 in Fighting
  2043 | D:3      | Reached XP level 4. HP: 42/42 MP: 4/4
  2043 | D:3      | Reached XP level 5. HP: 48/48 MP: 5/5
  2043 | D:3      | Reached XP level 6. HP: 56/56 MP: 6/6
  2411 | D:3      | Gained mutation: You have a somewhat thin skeletal
                  | structure. (Dex +2, Stealth+) [potion of mutation]
  2731 | D:3      | Noticed Ijyb
  3211 | D:4      | Found a glowing drain.
  3220 | Sewer    | Entered a sewer
  3388 | Sewer    | Reached skill level 5 in Maces & Flails
  4101 | Sewer    | Reached XP level 7. HP: 39/63 MP: 7/7
  5178 | D:4      | Identified a scroll of acquirement
  5344 | D:4      | Reached XP level 8. HP: 72/73 MP: 8/8
  6072 | D:4      | Found an ancient bone altar of Kikubaaqudgha.
  6113 | D:4      | Became a worshipper of Kikubaaqudgha
  6113 | D:4      | Reached * piety under Kikubaaqudgha
  6113 | D:4      | Received a gift from Kikubaaqudgha
  6113 | D:4      | Reached ** piety under Kikubaaqudgha
  6114 | D:4      | Acquired a manual of Necromancy
  6320 | D:4      | Reached skill level 1 in Necromancy
  6415 | D:4      | Reached skill level 1 in Staves
  6577 | D:4      | Reached skill level 2 in Necromancy
  7098 | D:5      | Entered Level 5 of the Dungeon
  7105 | D:5      | Found a glowing golden altar of the Shining One.
  7112 | D:5      | Reached XP level 9. HP: 71/82 MP: 9/9
  7162 | D:5      | Reached *** piety under Kikubaaqudgha
  7162 | D:5      | Received a gift from Kikubaaqudgha
  7296 | D:5      | Reached skill level 3 in Necromancy
  7695 | D:5      | Found a staircase to the Ecumenical Temple.
  7808 | D:5      | Reached skill level 1 in Earth Magic
  8040 | D:5      | Reached skill level 4 in Necromancy
  8446 | D:2      | Killed Sigmund
  8617 | D:6      | Found a burning altar of Makhleb.
  8754 | D:6      | Reached skill level 9 in Necromancy
  8754 | D:6      | Reached XP level 10. HP: 84/91 MP: 10/10
  8827 | D:6      | Found an ornate altar of the Wu Jian Council.
  8943 | D:6      | Found a sand-covered staircase.
  8948 | Ossuary  | Entered an ossuary
  9197 | Ossuary  | Reached **** piety under Kikubaaqudgha
  9529 | Ossuary  | Got Taumm's Tome of the Virous Snowflakes
  9697 | D:6      | Reached ***** piety under Kikubaaqudgha
 10163 | D:6      | Found Ysoq's Magic Scroll Boutique.
 10205 | D:6      | Bought a scroll of enchant weapon for 112 gold pieces
 10205 | D:6      | Bought a scroll of blinking for 112 gold pieces
 10813 | D:7      | Reached XP level 11. HP: 97/97 MP: 11/11
 10877 | D:7      | Noticed Maggie
 10893 | D:7      | Killed Maggie
 11620 | D:7      | Found a basalt altar of Yredelemnul.
 11795 | D:8      | Noticed Erica
 11978 | D:8      | Killed Erica
 11979 | D:8      | Reached skill level 10 in Necromancy
 12293 | D:8      | Found a hazy altar of Hepliaklqana.
 12322 | D:8      | Learned a level 5 spell: Borgnjor's Vile Clutch
 12513 | D:9      | Found a hide-covered altar of Uskayaw.
 12850 | D:9      | Noticed a boulder beetle
 13470 | D:10     | Entered Level 10 of the Dungeon
 13573 | D:10     | Found a staircase to the Lair.
 13578 | D:10     | Reached skill level 1 in Spellcasting
 13735 | D:10     | Noticed a two-headed ogre
 13777 | D:10     | Killed a two-headed ogre
 13778 | D:10     | Reached skill level 10 in Staves
 14070 | D:10     | Reached skill level 11 in Necromancy
 14398 | D:10     | Found a shimmering altar of Xom.
 14451 | D:10     | Reached XP level 12. HP: 90/106 MP: 7/15
 14592 | D:10     | Found a sparkling altar of Nemelex Xobeh.
 14683 | D:10     | Noticed a two-headed ogre
 14691 | D:10     | Killed a two-headed ogre
 14811 | D:10     | Found a shimmering blue altar of Sif Muna.
 14868 | D:10     | Found a sacrificial altar of Ru.
 14873 | D:10     | Found a white marble altar of Elyvilon.
 14878 | D:10     | Found a broken altar of Ashenzari.
 15020 | D:11     | Noticed a two-headed ogre
 15036 | D:11     | Killed a two-headed ogre
 15616 | D:11     | Found Fuaclio's Antique Weapon Shop.
 15779 | D:11     | Noticed a two-headed ogre
 15786 | D:11     | Killed a two-headed ogre
 15787 | D:11     | Reached skill level 12 in Necromancy
 16097 | D:11     | Learned a level 6 spell: Death Channel
 16100 | D:12     | Noticed Jorgrun
 16103 | D:12     | Noticed a boulder beetle
 16257 | D:12     | Killed a boulder beetle
 16318 | D:12     | Killed from afar by Jorgrun

Illustrated notes

Levels and vault maps discovered:
D:1:      onia_arrival_pyramid, layout_basic,
          dreamdust_ecumenical_altar_drowned_temple
D:2:      layout_basic, uniq_sigmund
D:3:      layout_rooms, st_stairs_3, uniq_ijyb, uniq_grinder
D:4:      lemuel_castle_with_subvaults [lemuel_castle_interior_carwin_1],
          layout_rooms, lemuel_mausoleum_altar_kikubaaqudgha,
          cheibrodos_sewer_entry_sluice
D:5:      minmay_clustersquares, layout_basic, nicolae_tso_besieged_by_evil,
          minmay_temple_entry_statues_fountains
D:6:      layout_loops_ring, mainiacjoe_overflow_paths, bloody_makhleb,
          enter_ossuary_2, serial_shops, nicolae_diamond_shop
D:7:      layout_loops_corners, lemuel_zombie_altar_yredelemnul,
          minmay_misc_feat_rows, uniq_maggie
D:8:      layout_rooms, amcnicky_altar_gilded, uniq_erica
D:9:      layout_loops_corners, nicolae_uskayaw_dance_hall, hangedman_fish_farm
D:10:     layout_stronghold, mainiacjoe_overflow_alcove_2,
          minmay_overflow_temple_star_quad, lemuel_coloured_pillars_altar,
          nicolae_sif_muna_little_library, minmay_lair_entry_grove,
          grunt_decor_mini_mirrors, kennysheep_generic_room_8
D:11:     layout_loops_corners, serial_shops, nicolae_shop_window_shopping, pond
D:12:     layout_rooms, orc_david_3, st_stairs_10, nicolae_wooded_promenade,
          hangedman_corner_corridor, uniq_jorgrun

Skill      XL: |  1  2  3  4  5  6  7  8  9 10 11 12 |
---------------+-------------------------------------+-----
Fighting       | 4 5 6 7 8 9 |  9.9
Maces & Flails | 4 5 7 8 |  8.9
Necromancy     | 2 9 11 12 | 12.2
Staves         | 2 8 10 11 | 11.3
Earth Magic    | 6 7 8 |  8.4
Spellcasting   | 2 3 |  3.0
Axes           | |  4.9
Dodging        | |  2.4
Stealth        | |  1.5
Transmutations | |  0.7

Action                   |  1- 3 |  4- 6 |  7- 9 | 10-12 || total
-------------------------+-------+-------+-------+-------++-------
Melee: Hand axe          |    43 |       |       |       ||    43
       Whip              |    62 |   162 |   227 |       ||   451
       Lajatang          |       |       |   261 |   647 ||   908
 Fire: Hunting sling     |     8 |    43 |    66 |    19 ||   136
Throw: Dart              |       |       |     7 |     9 ||    16
       Throwing net      |       |       |       |     3 ||     3
 Cast: Borgnjor's Vile C |       |       |       |    15 ||    15
Invok: Torment           |       |       |       |     3 ||     3
       Receive Corpses   |       |       |       |     1 ||     1
Evoke: Wand              |       |       |       |     4 ||     4
  Use: Potion            |     2 |     3 |     4 |     2 ||    11
       Scroll            |     2 |     2 |     8 |     6 ||    18
 Stab: Sleeping          |     1 |       |       |     3 ||     4
       Invisible         |       |       |     1 |       ||     1
       Betrayed ally     |       |       |       |     1 ||     1
       Held in net/web   |       |       |       |     1 ||     1
Armor: Robe              |    17 |    19 |       |       ||    36
       Skin              |     8 |       |       |       ||     8
       Chain mail        |       |    63 |   213 |    93 ||   369
       Steam dragon scal |       |       |       |    88 ||    88
Dodge: Dodged            |    82 |    65 |   134 |   239 ||   520
       Repelled          |       |       |       |     2 ||     2

Table legend: (Time is in decaauts)
 A = Elapsed time spent in this place.
 B = Non-inter-level travel time spent in this place.
 C = Inter-level travel time spent in this place.
 D = Time resting spent in this place.
 E = Time spent auto-exploring this place.
 F = Levels seen in this place.
 G = Mean time per level.
                   A        B        C        D        E       F      G
               +--------+--------+--------+--------+--------+-----+--------+
         Total |  16133 |  15435 |    698 |   1317 |  11187 |  14 | 1152.4 |
       Dungeon |  14063 |  13365 |    698 |   1142 |   9677 |  12 | 1171.9 |
         Sewer |   1479 |   1479 |      0 |    175 |   1046 |   1 | 1479.0 |
       Ossuary |    590 |    590 |      0 |      0 |    464 |   1 |  590.0 |
               +--------+--------+--------+--------+--------+-----+--------+

Top non-repeatable levels by time:
     D:4: 2408 daAuts
     D:1: 1677 daAuts
   Sewer: 1479 daAuts
     D:7: 1381 daAuts
    D:10: 1358 daAuts
     D:3: 1255 daAuts
     D:5: 1215 daAuts
    D:11: 1148 daAuts
     D:9: 1132 daAuts
     D:6: 1016 daAuts
     D:2: 740 daAuts
     D:8: 605 daAuts
 Ossuary: 590 daAuts
    D:12: 123 daAuts
